 Dungeon Crawl Stone Soup version 0.27.0-1-g7a08968 (webtiles) character file.

Game seed: 10470217195922146368

3864 BALLS the Carver (level 10, 0/53 HPs)
             Began as a Vine Stalker Fighter on Jan 20, 2022.
             Was a Believer of Okawaru.
             Slain by a vampire (6 damage)
             ... on level 11 of the Dungeon.
             The game lasted 00:19:42 (7918 turns).

BALLS the Carver (Vine Stalker Fighter)             Turns: 7918, Time: 00:19:43

Health: 0/53       AC: 12    Str: 22    XL:     10   Next: 19%
Magic:  0/23       EV: 11    Int:  8    God:    Okawaru [**....]
Gold:   345        SH: 12    Dex: 14    Spells: 9/9 levels left

rFire    . . .     SeeInvis .   a - +0 long sword
rCold    . . .     Faith    .   c - +0 kite shield
rNeg     . . .     Spirit   +   b - +0 scale mail
rPois    .         Reflect  .   H - +0 helmet
rElec    .         Harm     .   y - +0 cloak
rCorr    .         Rampage  .   (no gloves)
Will     +....                  u - +0 pair of boots
Stlth    ++........             k - amulet of regeneration
HPRegen  2.17/turn              w - ring of magical power
MPRegen  0.18/turn              (no ring)

@: lethally poisoned (0 -> -1), heroic, slowed, very slow
A: fangs 3, regeneration 1, magic shield, antimagic bite, no potion heal 2
a: Renounce Religion, Heroism


You were on level 11 of the Dungeon.
You worshipped Okawaru.
Okawaru was pleased with you.
You visited 2 branches of the dungeon, and saw 11 of its levels.

You collected 393 gold pieces.
You spent 48 gold pieces at shops.

Inventory:

Hand Weapons
 a - a +0 long sword (weapon)
Missiles
 e - 73 poisoned darts (quivered)
Armour
 b - a +0 scale mail (worn)
 c - a +0 kite shield (worn)
 u - a +0 pair of boots (worn)
 y - a +0 cloak (worn)
 H - a +0 helmet (worn)
Jewellery
 k - an amulet of regeneration (around neck)
 w - a ring of magical power (left hand)
 x - an amulet of the acrobat
 B - a ring of wizardry
Wands
 m - a wand of paralysis (7)
 F - a wand of acid (10)
Scrolls
 d - a scroll of blinking
 f - 3 scrolls of fog
 g - 7 scrolls of enchant armour
 h - a scroll of fear
 o - 4 scrolls of magic mapping
 s - a scroll of silence
 t - a scroll of immolation {unknown}
 v - a scroll of teleportation {unknown}
 A - a scroll of amnesia {unknown}
 E - a scroll of torment {unknown}
 I - a scroll of enchant weapon {unknown}
Potions
 i - 2 potions of brilliance {unknown}
 j - a potion of mutation {unknown}
 l - 2 potions of heal wounds
 n - 3 potions of haste {unknown}
 p - a potion of ambrosia {unknown}
 q - 2 potions of lignification {unknown}
 r - a potion of berserk rage {unknown}
 C - a potion of invisibility {unknown}
 D - a potion of resistance {unknown}
 G - 2 potions of cancellation {unknown}


   Skills:
 + Level 6.7(11.7) Fighting
 - Level 10.0(15.0) Long Blades
 - Level 2.4(7.4) Armour
 - Level 5.0(10.0) Shields
 - Level 5.0 Invocations


You had 9 spell levels left.
You didn't know any spells.
Your spell library contained the following spells:

 Spells                   Type           Power      Damage    Failure   Level
 Animate Skeleton         Necr           0%         N/A       89%         1
 Apportation              Tloc           0%         N/A       89%         1
 Corona                   Hex            0%         N/A       89%         1
 Pain                     Necr           0%         1d4       89%         1
 Summon Small Mammal      Summ           0%         N/A       89%         1
 Sublimation of Blood     Necr           0%         N/A       96%         2
 Wereblood                Tmut           0%         N/A       96%         2
 Tukima's Dance           Hex            0%         N/A       99%         3
 Vampiric Draining        Necr           0%         2d6       99%         3
 Passage of Golubria      Tloc           N/A        N/A       100%        4
 Blade Hands              Tmut           0%         N/A       100%        5
 Irradiate                Conj/Tmut      0%         3d13      100%        5
 Yara's Violent Unravell  Hex/Tmut       0%         3d3       100%        5
 Dragon Form              Tmut           0%         N/A       100%        7
 Summon Hydra             Summ           0%         N/A       100%        7


Dungeon Overview and Level Annotations

Branches:
Dungeon (9/15)             Temple (1/1) D:5             Orc (0/2) D:9
   Lair: D:8-11

Altars:
Ashenzari
Cheibriados
Dithmenos
Elyvilon
Fedhas
Gozag
Hepliaklqana
Kikubaaqudgha
Makhleb
Nemelex Xobeh
Okawaru
Qazlal
Ru
Sif Muna
Trog
Uskayaw
Vehumet
Wu Jian
Xom
Yredelemnul
Zin
The Shining One

Shops:
D:6 !   D:9 [

Annotations:
D:11 Sonja


Innate Abilities, Weirdness & Mutations

You have razor-sharp teeth.
Your natural rate of healing is unusually fast.
When hurt, damage is shared between your health and your magic reserves.
Your bite disrupts and absorbs the magic of your enemies.
Potions cannot restore your health.


Message History

You feel very sick.
Sonja opens the door.
Something hits you but does no damage. Something bites you.
Something draws strength from your injuries!
The shadow slips into darkness.
The shadow flickers and vanishes!
You feel very sick.
Sonja throws a curare-tipped dart.
You block the curare-tipped dart. You block something's attack.
Something bites you but does no damage.
The shadow strikes at you from the darkness!
Reactivating autopickup.
You feel sick.
The shadow slips into darkness.
The shadow flickers and vanishes!
Deactivating autopickup; reactivate with Ctrl-A.
Sonja hits you with a +1 short sword of distortion.
Space warps horribly around you! Sonja barely misses you.
You block Sonja's attack.
As you read the scroll of magic mapping, it crumbles to dust.
You feel aware of your surroundings.
You feel sick. Sonja hits you but does no damage. Space bends around you!
You block Sonja's attack. Sonja hits you but does no damage.
Space bends around you.
The shadow strikes at you from the darkness!
* * * LOW HITPOINT WARNING * * *
Reactivating autopickup.
You block something's attack.
Deactivating autopickup; reactivate with Ctrl-A.
Something bites you.
* * * LOW HITPOINT WARNING * * *
Something draws strength from your injuries!
Sonja casts a spell.
Sonja blinks!
The shadow slips into darkness.
The shadow flickers and vanishes!
As you read the scroll of fear, it crumbles to dust.
You assume a fearsome visage.
Sonja looks frightened!
You feel sick.
Sonja mumbles some strange words.
Sonja blinks!
Something hits you!
You die...

,,,,,,,,****'**,,,,,,,,*
,,,,,,,,*,,,,,'........#
,,,,,,,,*,,,,,#........#
,,,,,,,,*,,,,,#........#
,,***,,,***,,,#.§......#
,,***,,,*******#......#*
,,,*,,,,,,,,,,,#......#
,,,*,,,,,,,,,,,#......#
,,,*,,,,,,,,,,,#@{K...#
,,,*,,,,,,,,,,,#.§....#####**
****,,>********#...........,*
,,,***+****,,######'##.....,*
,,,*,,,,*,,,,#..K....#.....,*
,,,*,,,,*,,,,#.......#,....,*
,,,*,,,,*,,,,#.......#,,...,*
,,,*,,,,*,,,,#.......#,,...,*
,,,**,,****,,####....#,,,,,,*


You could see Sonja (fleeing).

Vanquished Creatures
  Prince Ribbit (D:7)
  A yak (D:8)
  A steam dragon (D:7)
  2 wargs (D:9)
  A water moccasin (D:7)
  3 orc warriors
  A black bear (D:3)
  A necrophage (D:5)
  2 ice beasts
  2 ogres (D:5)
  2 centaurs
  3 phantoms
  A kobold brigand (D:8)
  3 bullfrogs
  A gnoll sergeant (D:9)
  2 scorpions (D:6)
  A water moccasin zombie (D:9)
  5 killer bees (D:8)
  7 wights (D:8)
  2 howler monkeys (D:9)
  A jelly (D:6)
  3 orc priests
  4 hounds
  Crazy Yiuf (D:7)
  2 centaur skeletons
  A bullfrog skeleton (D:4)
  3 iguanas (D:5)
  4 orc wizards
  A howler monkey zombie (D:6)
  A howler monkey skeleton (D:6)
  10 adders
  6 gnolls
  A shadow imp (D:8)
  An ufetubus (D:6)
  A dart slug (D:1)
  20 orcs
  4 bats
  6 endoplasms
  A giant cockroach (D:4)
  5 goblins
  4 hobgoblins
  8 jackals
  2 quokkas
  9 ball pythons
  2 frilled lizards
  8 kobolds
  3 rats
154 creatures vanquished.

Notes
Turn   | Place    | Note
-------+----------+-------------------------------------------
     0 | D:1      | BALLS the Vine Stalker Fighter began the quest for the Orb.
     0 | D:1      | Reached XP level 1. HP: 11/11 MP: 2/2
    15 | D:1      | Reached skill level 2 in Long Blades
   364 | D:1      | Reached XP level 2. HP: 13/16 MP: 3/3
   442 | D:1      | Found a faded altar of an unknown god.
   712 | D:2      | Reached skill level 3 in Long Blades
   735 | D:1      | Reached XP level 3. HP: 3/19 MP: 1/4
  1543 | D:3      | Noticed a black bear
  1922 | D:3      | Gained mutation: Your natural rate of healing is unusually
                  | fast. [Vine Stalker growth]
  1922 | D:3      | Reached XP level 4. HP: 7/23 MP: 5/5
  2041 | D:3      | Killed a black bear
  2042 | D:3      | Reached skill level 4 in Long Blades
  2042 | D:3      | Reached XP level 5. HP: 25/27 MP: 3/6
  2122 | D:3      | Reached skill level 5 in Long Blades
  2637 | D:4      | Noticed a phantom
  2666 | D:4      | Killed a phantom
  2667 | D:4      | Reached XP level 6. HP: 32/32 MP: 7/7
  2837 | D:4      | Reached skill level 6 in Long Blades
  3035 | D:4      | You fall into a shaft and drop 2 floors!
  3039 | D:6      | Noticed an ice beast
  3061 | D:6      | Killed an ice beast
  3062 | D:6      | Reached XP level 7. HP: 35/35 MP: 8/8
  3106 | D:6      | Reached skill level 7 in Long Blades
  3272 | D:5      | Entered Level 5 of the Dungeon
  3276 | D:5      | Found a sparkling altar of Nemelex Xobeh.
  3303 | D:5      | Found a snail-covered altar of Cheibriados.
  3325 | D:5      | HP: 1/36 [ogre (27)]
  3628 | D:4      | Found a glowing golden altar of the Shining One.
  4096 | D:5      | Found a staircase to the Ecumenical Temple.
  4105 | Temple   | Entered the Ecumenical Temple
  4240 | Temple   | Became a worshipper of Warmaster Okawaru
  4284 | D:5      | Reached skill level 5 in Fighting
  4284 | D:5      | Gained mutation: You have razor-sharp teeth. [Vine Stalker
                  | growth]
  4284 | D:5      | Reached XP level 8. HP: 43/43 MP: 9/9
  4291 | D:5      | Reached skill level 1 in Invocations
  4637 | D:5      | Found a shimmering altar of Xom.
  5001 | D:6      | Found Omu Tuek's Distillery.
  5015 | D:6      | Reached skill level 5 in Invocations
  5035 | D:6      | Bought a potion of curing for 36 gold pieces
  5035 | D:6      | Bought a potion of degeneration for 12 gold pieces
  5135 | D:6      | Found a glowing silver altar of Zin.
  5321 | D:7      | Reached * piety under Okawaru
  5353 | D:7      | Noticed Prince Ribbit
  5369 | D:7      | Killed Prince Ribbit
  5370 | D:7      | Reached skill level 5 in Shields
  5370 | D:7      | Reached XP level 9. HP: 36/47 MP: 5/13
  5635 | D:7      | Found a shimmering blue altar of Sif Muna.
  5658 | D:7      | Found a runed translucent door.
  5659 | D:7      | Noticed Crazy Yiuf
  5843 | D:7      | Reached skill level 8 in Long Blades
  5920 | D:7      | Killed Crazy Yiuf
  6233 | D:8      | Reached skill level 9 in Long Blades
  6235 | D:8      | Reached ** piety under Okawaru
  7257 | D:8      | Reached skill level 10 in Long Blades
  7483 | D:9      | Found a staircase to the Orcish Mines.
  7523 | D:9      | Reached XP level 10. HP: 51/53 MP: 14/14
  7706 | D:9      | Found Yreinwev's Armour Shoppe.
  7893 | D:9      | You fall into a shaft and drop 2 floors!
  7903 | D:11     | Noticed Sonja
  7918 | D:11     | Slain by a vampire

Illustrated notes

Levels and vault maps discovered:
D:1:      amcnicky_arrival_underground_garden, layout_rooms,
          shapermc_ecumenical_altar_flowoftime, minmay_misc_feat_x
D:2:      layout_basic, minmay_pentomino_t4
D:3:      layout_loops_corners, chequers_serial_rivers_room_b,
          kennysheep_minor_cross, bh_walls_and_bars
D:4:      layout_basic, nicolae_tso_carved_into_rock, solitary_fountain,
          st_stairs_2
D:5:      layout_loops_cross, nemelex_xobeh_ov_fountains_minmay,
          grunt_temple_overflow_open, minmay_temple_entry_statues_pillars,
          nrook_mini_backslash
D:6:      layout_rooms, zin_statuary, serial_shops, kennysheep_mini,
          hangedman_abyss_or_decor_lesser_grid, st_stairs_11,
          minmay_misc_feat_four_crosses, nicolae_zen_rock_garden
D:7:      layout_cave_pools, mainiacjoe_overflow_brackets, corner_web_ring,
          uniq_crazy_yiuf_cottage, uniq_prince_ribbit1
D:8:      layout_gridville
D:9:      layout_gridville, erik_orc_3, serial_shops,
          nicolae_inconvenience_store, uniq_joseph
D:11:     layout_gridville, uniq_sonja
Temple:   nicolae_temple_elliptical

Skill      XL: |  1  2  3  4  5  6  7  8  9 10 |
---------------+-------------------------------+-----
Long Blades    | 2 3 4 5 6 7 10 | 10.0
Fighting       | 5 6 |  6.7
Invocations    | 5 |  5.0
Shields        | 5 |  5.0
Armour         | |  2.4

Action                   |  1- 3 |  4- 6 |  7- 9 | 10-12 || total
-------------------------+-------+-------+-------+-------++-------
Melee: Long sword        |   107 |   102 |   327 |    56 ||   592
       Bite              |    30 |    29 |   127 |    19 ||   205
Throw: Dart              |     3 |       |       |       ||     3
Invok: Heroism           |       |       |     8 |     2 ||    10
  Use: Potion            |     1 |       |       |     1 ||     2
       Scroll            |     3 |       |     5 |     2 ||    10
Armor: Scale mail        |    72 |    45 |   106 |     9 ||   232
Dodge: Dodged            |    51 |    26 |   128 |    21 ||   226
Block: Kite shield       |    78 |    52 |   177 |    39 ||   346
       Rpst.: Long sword |    15 |    10 |    39 |     2 ||    66
